Edmonton Oilers vs Tampa Bay Lightning
Created - Tuesday, March 5, 2024 at 07:18
Goals
|
| Edmonton Oilers |
1 |
1 |
0 |
1 |
3 |
| Tampa Bay Lightning |
1 |
0 |
1 |
0 |
2 |
|
Shots
|
| Edmonton Oilers |
9 |
16 |
6 |
1 |
32 |
| Tampa Bay Lightning |
14 |
15 |
6 |
2 |
37 |
|
1st period
1. Edmonton Oilers , David Perron 8 (Evan Bouchard 8) at 9:56 (PP)
2. Tampa Bay Lightning , Travis Konecny 11 (Johnny Gaudreau 18, Anze Kopitar 17) at 10:30
Penalties :
Tomas Hertl (TBL) for Tripping (Minor) at 9:25, Brock Boeser (EDM) for Slashing (Minor) at 12:02
2nd period
3. Edmonton Oilers , Derek Grant 2 (Dawson Mercer 7, Tanner Jeannot 2) at 14:02
Penalties :
Scott Mayfield (EDM) for Slashing (Minor) at 2:56, Brett Pesce (EDM) for Roughing (Minor) at 5:30, Travis Konecny (TBL) for Hooking (Minor) at 14:13
3rd period
4. Tampa Bay Lightning , Johnny Gaudreau 14 (Anze Kopitar 18, Hampus Lindholm 6) at 11:12
Penalties :
Boone Jenner (EDM) for Holding (Minor) at 14:52
Overtime #1
5. Edmonton Oilers , Mikael Backlund 7 (Brock Boeser 12) at 3:34
Penalties :
No Penalty
Goalie Stats
Juuse Saros (EDM), 35 saves from 37 shots - (0.946), W, 13-9-1, 63:34 minutes
Jeremy Swayman (TBL), 29 saves from 32 shots - (0.906), OTL, 3-2-1, 63:34 minutes
Players Stats for Edmonton Oilers
Player Name G A P +/- PIM S H SB GA TA FO MP PP MP PK MP
------------------------------------------------------------------------------------
Adrian Kempe 0 0 0 -1 0 3 1 2 1 0 0/2 18:46 1:41 0:00
Alex Iafallo 0 0 0 0 0 1 1 0 1 0 1/1 13:46 0:00 3:26
Blake Wheeler 0 0 0 0 0 2 0 0 2 0 0/1 11:35 1:48 0:00
Boone Jenner 0 0 0 -1 2 5 0 0 0 0 9/26 18:46 1:41 0:00
Brandon Carlo 0 0 0 0 0 1 1 0 0 1 0/0 24:16 0:00 3:26
Brett Pesce 0 0 0 1 2 2 0 0 0 0 0/0 15:32 0:42 0:49
Brock Boeser 0 1 1 0 2 6 0 0 1 0 2/4 19:10 1:41 0:00
David Perron 1 0 1 -1 0 3 3 0 0 0 1/1 17:18 0:49 0:16
Dawson Mercer 0 1 1 1 0 0 0 0 0 0 0/0 8:39 0:42 0:00
Derek Grant 1 0 1 1 0 3 1 0 0 0 6/10 11:52 0:00 4:14
Evan Bouchard 0 1 1 -1 0 0 2 1 0 0 0/0 20:25 1:48 0:00
Jacob Trouba 0 0 0 0 0 0 2 1 1 1 0/0 23:41 0:00 3:26
Jake DeBrusk 0 0 0 -1 0 1 0 0 0 0 0/0 16:32 0:49 0:00
Jeff Carter 0 0 0 0 0 2 0 0 0 0 5/9 13:21 0:00 3:20
Mikael Backlund 1 0 1 0 0 3 0 0 0 0 9/21 19:16 0:49 0:22
Rasmus Ristolainen 0 0 0 -1 0 0 1 0 1 1 0/0 23:20 0:00 4:30
Scott Mayfield 0 0 0 1 2 0 2 2 0 0 0/0 18:09 0:00 3:41
Tanner Jeannot 0 1 1 1 0 0 0 0 0 0 0/1 11:52 0:00 4:14
Players Stats for Tampa Bay Lightning
Player Name G A P +/- PIM S H SB GA TA FO MP PP MP PK MP
------------------------------------------------------------------------------------
Anze Kopitar 0 2 2 2 0 5 1 2 0 0 24/39 24:43 5:11 1:34
Blake Lizotte 0 0 0 0 0 0 0 0 0 0 0/0 0:17 0:00 0:00
Darnell Nurse 0 0 0 0 0 0 3 0 0 2 0/0 23:58 1:37 1:50
Dylan Cozens 0 0 0 -1 0 1 3 0 1 1 1/1 13:49 0:00 0:56
Gustav Nyquist 0 0 0 0 0 0 1 0 0 0 0/0 11:27 0:00 0:43
Hampus Lindholm 0 1 1 2 0 1 2 1 0 1 0/0 22:33 1:37 0:00
Johnny Gaudreau 1 1 2 2 0 5 0 0 0 0 1/3 21:19 5:11 0:00
Kirill Kaprizov 0 0 0 0 0 6 1 0 0 0 1/2 18:13 2:45 0:00
Logan Couture 0 0 0 0 0 1 2 0 0 0 9/16 20:42 2:45 1:34
Michael Matheson 0 0 0 -1 0 1 3 0 0 1 0/0 25:00 6:19 0:00
Moritz Seider 0 0 0 1 0 2 3 3 0 1 0/0 26:40 6:19 0:40
Roope Hintz 0 0 0 -1 0 4 3 2 0 1 0/2 19:08 2:45 0:00
Ryan Graves 0 0 0 -1 0 1 2 0 0 0 0/0 13:36 0:00 0:40
Tomas Hertl 0 0 0 0 2 4 3 1 0 0 6/8 17:14 0:00 0:00
Travis Konecny 1 0 1 2 2 6 1 0 1 0 1/3 21:33 5:11 0:13
Trevor Moore 0 0 0 -2 0 0 0 1 0 0 0/2 8:55 0:00 0:00
Tyler Toffoli 0 0 0 -1 0 0 1 0 1 0 0/0 7:16 0:00 0:00
Vladislav Gavrikov 0 0 0 -1 0 0 2 1 0 0 0/0 15:21 0:00 1:50
3 Stars
1 - Johnny Gaudreau (TBL)
2 - Juuse Saros (EDM)
3 - Anze Kopitar (TBL)
Power Play
Edmonton Oilers - 1 on 2 Attempt(s) - 50.00%
Tampa Bay Lightning - 0 on 4 Attempt(s) - 0.00%
Penalty Kill
Edmonton Oilers - 4 on 4 Attempt(s) - 100.00%
- Score 0 goal in Penalty Kill
Tampa Bay Lightning - 1 on 2 Attempt(s) - 50.00%
- Score 0 goal in Penalty Kill
Team Stat
Edmonton Oilers - Hits : 14 - Faceoff Wins : 33 - Blocked Shots : 6 - Penalty Minutes : 8
Tampa Bay Lightning - Hits : 31 - Faceoff Wins : 43 - Blocked Shots : 11 - Penalty Minutes : 4
Official
Referees : Brad Meier and Jean Hebert
Linesman : Jonny Murray and Brad Kovachik
Game Notes
No Game Note
Finance
Level 1 -- Attendance: 5854 (97.57%) -- Ticket Income $556,130
Level 2 -- Attendance: 4841 (96.82%) -- Ticket Income $266,255
Level 3 -- Attendance: 3000 (100.00%) -- Ticket Income $96,000
Level 4 -- Attendance: 4550 (91.00%) -- Ticket Income $100,100
Luxury Box -- Attendance: 970 (97.00%) -- Ticket Income $187,210
Game was played at the Tampa Bay Times Forum.
Total Attendance: 19215 (96.08%)
Total Ticket Income: $1,205,695
Other Income: $421,993
Total Income: $1,627,688
Edmonton Oilers
5 vs 5 Forward
Center Left Wing Right Wing Time % Phy DF OF
1 Boone Jenner Adrian Kempe David Perron 34 1 1 3
2 Mikael Backlund Jake DeBrusk Brock Boeser 34 0 2 3
3 Jeff Carter Alex Iafallo Blake Wheeler 20 1 2 2
4 Derek Grant Tanner Jeannot Dawson Mercer 12 1 3 1
5 vs 5 Defense
Defense Defense Time % Phy DF OF
1 Jacob Trouba Brandon Carlo 35 1 3 1
2 Rasmus Ristolainen Evan Bouchard 35 0 2 3
3 Brett Pesce Scott Mayfield 25 1 3 1
4 Brandon Carlo Scott Mayfield 5 1 4 0
PowerPlay Forward
Center Left Wing Right Wing Time % Phy DF OF
1 Boone Jenner Adrian Kempe Brock Boeser 60 1 0 4
2 Mikael Backlund Jake DeBrusk David Perron 40 1 0 4
PowerPlay Defense
Defense Defense Time % Phy DF OF
1 Evan Bouchard Blake Wheeler 60 1 1 3
2 Brett Pesce Dawson Mercer 40 0 2 3
Penalty Kill 4 Players Forward
Center Wing Time % Phy DF OF
1 Derek Grant Tanner Jeannot 53 1 4 0
2 Jeff Carter Alex Iafallo 47 1 4 0
Penalty Kill 4 Players Defense
Defense Defense Time % Phy DF OF
1 Brandon Carlo Jacob Trouba 50 2 3 0
2 Scott Mayfield Rasmus Ristolainen 50 2 3 0
Penalty Kill - 3 Players Forward
Forward Time % Phy DF OF
1 Derek Grant 50 1 4 0
2 Mikael Backlund 50 1 4 0
Penalty Kill - 3 Players Defense
Defense Defense Time % Phy DF OF
1 Brandon Carlo Jacob Trouba 50 1 4 0
2 Scott Mayfield Rasmus Ristolainen 50 1 4 0
4 vs 4 Forward
Center Wing Time % Phy DF OF
1 Boone Jenner Adrian Kempe 50 1 2 2
2 Mikael Backlund Brock Boeser 50 0 2 3
4 vs 4 Defense
Defense Defense Time % Phy DF OF
1 Jacob Trouba Brandon Carlo 50 1 3 1
2 Rasmus Ristolainen Evan Bouchard 50 1 1 3
Last Minutes Offensive
Center Left Wing Right Wing Defense Defense
Boone Jenner Adrian Kempe Brock Boeser Brett Pesce Evan Bouchard
Last Minutes Defensive
Center Left Wing Right Wing Defense Defense
Mikael Backlund Derek Grant Tanner Jeannot Brandon Carlo Scott Mayfield
Goaltenders
Starting : Juuse Saros
Backup : Matt Murray
Extra Forwards
Normal : Brock Boeser, Adrian Kempe, Boone Jenner - PP : Jake DeBrusk, Brock Boeser - PK : Mikael Backlund
Extra Defensemen
Normal : Evan Bouchard, Jacob Trouba, Brandon Carlo - PP : Jacob Trouba - PK : Brett Pesce, Brandon Carlo
Penalty Shots
Boone Jenner, Adrian Kempe, Brock Boeser, Jake DeBrusk, Dawson Mercer
Tampa Bay Lightning
5 vs 5 Forward
Center Left Wing Right Wing Time % Phy DF OF
1 Anze Kopitar Johnny Gaudreau Travis Konecny 35 0 2 3
2 Logan Couture Roope Hintz Kirill Kaprizov 30 0 1 4
3 Tomas Hertl Dylan Cozens Gustav Nyquist 20 0 2 3
4 Tomas Hertl Trevor Moore Tyler Toffoli 15 0 1 4
5 vs 5 Defense
Defense Defense Time % Phy DF OF
1 Darnell Nurse Michael Matheson 40 0 3 2
2 Moritz Seider Hampus Lindholm 40 0 3 2
3 Vladislav Gavrikov Ryan Graves 20 0 4 1
4 Darnell Nurse Hampus Lindholm 0 0 3 2
PowerPlay Forward
Center Left Wing Right Wing Time % Phy DF OF
1 Anze Kopitar Johnny Gaudreau Travis Konecny 65 0 1 4
2 Logan Couture Roope Hintz Kirill Kaprizov 35 0 1 4
PowerPlay Defense
Defense Defense Time % Phy DF OF
1 Moritz Seider Michael Matheson 65 1 2 2
2 Darnell Nurse Hampus Lindholm 35 1 2 2
Penalty Kill 4 Players Forward
Center Wing Time % Phy DF OF
1 Anze Kopitar Logan Couture 55 1 4 0
2 Dylan Cozens Travis Konecny 45 1 4 0
Penalty Kill 4 Players Defense
Defense Defense Time % Phy DF OF
1 Vladislav Gavrikov Darnell Nurse 55 1 4 0
2 Ryan Graves Moritz Seider 45 1 4 0
Penalty Kill - 3 Players Forward
Forward Time % Phy DF OF
1 Anze Kopitar 50 1 4 0
2 Logan Couture 50 1 4 0
Penalty Kill - 3 Players Defense
Defense Defense Time % Phy DF OF
1 Vladislav Gavrikov Darnell Nurse 50 0 5 0
2 Ryan Graves Moritz Seider 50 0 5 0
4 vs 4 Forward
Center Wing Time % Phy DF OF
1 Anze Kopitar Dylan Cozens 55 0 2 3
2 Logan Couture Tomas Hertl 45 0 3 2
4 vs 4 Defense
Defense Defense Time % Phy DF OF
1 Darnell Nurse Hampus Lindholm 55 0 3 2
2 Moritz Seider Michael Matheson 45 0 3 2
Last Minutes Offensive
Center Left Wing Right Wing Defense Defense
Anze Kopitar Kirill Kaprizov Travis Konecny Darnell Nurse Hampus Lindholm
Last Minutes Defensive
Center Left Wing Right Wing Defense Defense
Anze Kopitar Kirill Kaprizov Travis Konecny Darnell Nurse Hampus Lindholm
Goaltenders
Starting : Jeremy Swayman
Backup : Filip Gustavsson
Extra Forwards
Normal : Dylan Cozens, Trevor Moore, Roope Hintz - PP : Dylan Cozens, Tyler Toffoli - PK : Gustav Nyquist
Extra Defensemen
Normal : Moritz Seider, Darnell Nurse, Vladislav Gavrikov - PP : Ryan Graves - PK : Hampus Lindholm, Michael Matheson
Penalty Shots
Gustav Nyquist, Kirill Kaprizov, Logan Couture, Trevor Moore, Anze Kopitar
% Time on Ice - Edmonton Oilers
Lines # - Real PCT - Wanted PCT - Time Play
Normal Forward
1 - 33% - 34% - 16:13
2 - 32% - 34% - 15:57
3 - 20% - 20% - 9:47
4 - 15% - 12% - 7:37
Normal Defense
1 - 38% - 35% - 18:54
2 - 35% - 35% - 17:32
3 - 25% - 25% - 12:33
4 - 1% - 5% - 0:35
PP Forward
1 - 67% - 60% - 1:41
2 - 33% - 40% - 0:49
PP Defense
1 - 72% - 60% - 1:48
2 - 28% - 40% - 0:42
PK Forward
1 - 58% - 53% - 4:36
2 - 42% - 47% - 3:20
PK Defense
1 - 43% - 50% - 3:26
2 - 57% - 50% - 4:30
PK3 Forward
1 - 0% - 50%
2 - 0% - 50%
PK3 Defense
1 - 0% - 50%
2 - 0% - 50%
44 Forward
1 - 43% - 50% - 1:32
2 - 57% - 50% - 2:02
44 Defense
1 - 38% - 50% - 1:21
2 - 62% - 50% - 2:13
Last Minute Offensive - 0:00
Last Minute Defensive - 0:00
Total
Forward - 63:34
Defense - 63:34
|
% Time on Ice - Tampa Bay Lightning
Lines # - Real PCT - Wanted PCT - Time Play
Normal Forward
1 - 33% - 35% - 16:08
2 - 32% - 30% - 16:01
3 - 20% - 20% - 10:09
4 - 15% - 15% - 7:16
Normal Defense
1 - 35% - 40% - 17:32
2 - 36% - 40% - 17:43
3 - 26% - 20% - 12:56
4 - 3% - 0% - 1:23
PP Forward
1 - 65% - 65% - 5:11
2 - 35% - 35% - 2:45
PP Defense
1 - 80% - 65% - 6:19
2 - 20% - 35% - 1:37
PK Forward
1 - 63% - 55% - 1:34
2 - 37% - 45% - 0:56
PK Defense
1 - 73% - 55% - 1:50
2 - 27% - 45% - 0:40
PK3 Forward
1 - 0% - 50%
2 - 0% - 50%
PK3 Defense
1 - 0% - 50%
2 - 0% - 50%
44 Forward
1 - 51% - 55% - 1:50
2 - 49% - 45% - 1:44
44 Defense
1 - 51% - 55% - 1:50
2 - 49% - 45% - 1:44
Last Minute Offensive - 0:00
Last Minute Defensive - 0:00
Total
Forward - 63:34
Defense - 63:34
|
Play-by-Play
1st period
0:01 of 1st period - Anze Kopitar wins face-off versus Boone Jenner in neutral zone.
0:28 of 1st period - Brandon Carlo is hit by Roope Hintz and loses puck.
0:35 of 1st period - Wrist shot by Kirill Kaprizov.
0:35 of 1st period - Stopped by Juuse Saros with a rebound.
0:37 of 1st period - Slapshot by Darnell Nurse.
0:37 of 1st period - Shot Misses the Net.
0:39 of 1st period - Wrist shot by Logan Couture.
0:39 of 1st period - Stopped by Juuse Saros with a rebound.
1:09 of 1st period - Tanner Jeannot is hit by Hampus Lindholm and loses puck.
1:36 of 1st period - Backhand shot by Adrian Kempe.
1:36 of 1st period - Stopped by Jeremy Swayman without a rebound.
1:37 of 1st period - Mikael Backlund wins face-off versus Anze Kopitar in Tampa Bay Lightning zone.
1:38 of 1st period - Snap shot by Brock Boeser.
1:38 of 1st period - Shot Blocked by Hampus Lindholm.
1:52 of 1st period - Snap shot by Anze Kopitar.
1:52 of 1st period - Stopped by Juuse Saros with a rebound.
1:54 of 1st period - Snap shot by Travis Konecny.
1:54 of 1st period - Shot Blocked by Scott Mayfield.
2:04 of 1st period - Mikael Backlund is hit by Roope Hintz and loses puck.
2:41 of 1st period - Wrist shot by Mikael Backlund.
2:41 of 1st period - Shot Blocked by Vladislav Gavrikov.
2:43 of 1st period - Wrist shot by Mikael Backlund.
2:43 of 1st period - Stopped by Jeremy Swayman without a rebound.
2:44 of 1st period - Anze Kopitar wins face-off versus Boone Jenner in Tampa Bay Lightning zone.
3:17 of 1st period - Alex Iafallo is hit by Moritz Seider and loses puck.
3:34 of 1st period - Snap shot by Roope Hintz.
3:34 of 1st period - Stopped by Juuse Saros without a rebound.
3:35 of 1st period - Derek Grant wins face-off versus Logan Couture in Edmonton Oilers zone.
3:48 of 1st period - Slapshot by Dawson Mercer.
3:48 of 1st period - Deflect By Derek Grant.
3:48 of 1st period - Stopped by Jeremy Swayman without a rebound.
3:49 of 1st period - Boone Jenner wins face-off versus Anze Kopitar in Tampa Bay Lightning zone.
3:56 of 1st period - Snap shot by Boone Jenner.
3:56 of 1st period - Stopped by Jeremy Swayman with a rebound.
4:16 of 1st period - Scott Mayfield is hit by Gustav Nyquist and loses puck.
4:46 of 1st period - Snap shot by Brock Boeser.
4:46 of 1st period - Shot Misses the Net.
5:12 of 1st period - Darnell Nurse is hit by Adrian Kempe and loses puck.
5:25 of 1st period - Snap shot by David Perron.
5:25 of 1st period - Deflect By Boone Jenner.
5:25 of 1st period - Shot Misses the Net.
5:25 of 1st period - Puck is out of play.
5:26 of 1st period - Anze Kopitar wins face-off versus Mikael Backlund in Tampa Bay Lightning zone.
5:37 of 1st period - Off-side.
5:38 of 1st period - Logan Couture wins face-off versus Boone Jenner in neutral zone.
5:43 of 1st period - Snap shot by Kirill Kaprizov.
5:43 of 1st period - Stopped by Juuse Saros without a rebound.
5:44 of 1st period - Boone Jenner wins face-off versus Roope Hintz in Edmonton Oilers zone.
5:48 of 1st period - Off-side.
5:49 of 1st period - Tomas Hertl wins face-off versus Boone Jenner in neutral zone.
5:52 of 1st period - Brandon Carlo is hit by Tomas Hertl and loses puck.
6:43 of 1st period - Michael Matheson is hit by Jacob Trouba and loses puck.
7:10 of 1st period - Snap shot by Tomas Hertl.
7:10 of 1st period - Deflect By Evan Bouchard.
7:10 of 1st period - Shot Misses the Net.
7:10 of 1st period - Puck is out of play.
7:11 of 1st period - Anze Kopitar wins face-off versus Boone Jenner in Edmonton Oilers zone.
7:12 of 1st period - Backhand shot by Travis Konecny.
7:12 of 1st period - Stopped by Juuse Saros with a rebound.
7:20 of 1st period - Snap shot by Travis Konecny.
7:20 of 1st period - Stopped by Juuse Saros with a rebound.
7:32 of 1st period - Travis Konecny is hit by David Perron and loses puck.
7:44 of 1st period - Off-side.
7:45 of 1st period - Brock Boeser wins face-off versus Logan Couture in neutral zone.
8:02 of 1st period - Backhand shot by Kirill Kaprizov.
8:02 of 1st period - Stopped by Juuse Saros without a rebound.
8:03 of 1st period - Tomas Hertl wins face-off versus Boone Jenner in Edmonton Oilers zone.
8:30 of 1st period - Hampus Lindholm is hit by Rasmus Ristolainen and loses puck.
8:35 of 1st period - Slapshot by Alex Iafallo.
8:35 of 1st period - Shot Misses the Net.
8:37 of 1st period - Snap shot by Jeff Carter.
8:37 of 1st period - Shot Blocked by Anze Kopitar.
8:39 of 1st period - Snap shot by Jeff Carter.
8:39 of 1st period - Stopped by Jeremy Swayman without a rebound.
8:40 of 1st period - Logan Couture wins face-off versus Brock Boeser in Tampa Bay Lightning zone.
9:15 of 1st period - Wrist shot by Boone Jenner.
9:15 of 1st period - Shot Misses the Net.
9:17 of 1st period - Slapshot by Scott Mayfield.
9:17 of 1st period - Shot Misses the Net.
9:19 of 1st period - Slapshot by Adrian Kempe.
9:19 of 1st period - Stopped by Jeremy Swayman without a rebound.
9:20 of 1st period - Jeff Carter wins face-off versus Trevor Moore in Tampa Bay Lightning zone.
9:23 of 1st period - Wrist shot by Blake Wheeler.
9:23 of 1st period - Shot Blocked by Moritz Seider.
9:25 of 1st period - Minor Penalty to Tomas Hertl for Tripping.
9:26 of 1st period - Boone Jenner wins face-off versus Anze Kopitar in Tampa Bay Lightning zone.
9:27 of 1st period - Slapshot by Adrian Kempe.
9:27 of 1st period - Shot Misses the Net.
9:29 of 1st period - Snap shot by Boone Jenner.
9:29 of 1st period - Stopped by Jeremy Swayman without a rebound.
9:30 of 1st period - Anze Kopitar wins face-off versus Boone Jenner in Tampa Bay Lightning zone.
9:56 of 1st period - Snap shot by David Perron.
9:56 of 1st period - Goal by David Perron - Edmonton Oilers : 1 - Tampa Bay Lightning : 0.
9:57 of 1st period - Tomas Hertl wins face-off versus Mikael Backlund in neutral zone.
10:06 of 1st period - Snap shot by Dylan Cozens.
10:06 of 1st period - Stopped by Juuse Saros with a rebound.
10:08 of 1st period - Slapshot by Hampus Lindholm.
10:08 of 1st period - Stopped by Juuse Saros without a rebound.
10:09 of 1st period - Boone Jenner wins face-off versus Johnny Gaudreau in Edmonton Oilers zone.
10:16 of 1st period - Slapshot by Johnny Gaudreau.
10:16 of 1st period - Shot Misses the Net.
10:18 of 1st period - Snap shot by Moritz Seider.
10:18 of 1st period - Deflect By Johnny Gaudreau.
10:18 of 1st period - Shot Misses the Net.
10:18 of 1st period - Puck is out of play.
10:19 of 1st period - Anze Kopitar wins face-off versus Boone Jenner in Edmonton Oilers zone.
10:28 of 1st period - Wrist shot by Johnny Gaudreau.
10:28 of 1st period - Stopped by Juuse Saros with a rebound.
10:30 of 1st period - Snap shot by Travis Konecny.
10:30 of 1st period - Goal by Travis Konecny - Edmonton Oilers : 1 - Tampa Bay Lightning : 1.
10:31 of 1st period - Jeff Carter wins face-off versus Logan Couture in neutral zone.
11:41 of 1st period - Snap shot by Dylan Cozens.
11:41 of 1st period - Shot Misses the Net.
11:43 of 1st period - Backhand shot by Michael Matheson.
11:43 of 1st period - Stopped by Juuse Saros without a rebound.
11:44 of 1st period - Dylan Cozens wins face-off versus Mikael Backlund in Edmonton Oilers zone.
12:02 of 1st period - Minor Penalty to Brock Boeser for Slashing.
12:03 of 1st period - Derek Grant wins face-off versus Anze Kopitar in Edmonton Oilers zone.
14:02 of 1st period - Penalty to Brock Boeser is over, Brock Boeser is back on ice.
14:12 of 1st period - Rasmus Ristolainen is hit by Hampus Lindholm and loses puck.
14:48 of 1st period - Vladislav Gavrikov is hit by Alex Iafallo and loses puck.
15:34 of 1st period - Snap shot by Blake Wheeler.
15:34 of 1st period - Stopped by Jeremy Swayman with a rebound.
16:21 of 1st period - David Perron is hit by Ryan Graves and loses puck.
16:36 of 1st period - Snap shot by Brock Boeser.
16:36 of 1st period - Shot Misses the Net.
17:29 of 1st period - Icing by Brock Boeser.
17:30 of 1st period - Logan Couture wins face-off versus Mikael Backlund in Edmonton Oilers zone.
17:55 of 1st period - Boone Jenner is hit by Travis Konecny and loses puck.
19:50 of 1st period - Snap shot by Anze Kopitar.
19:50 of 1st period - Stopped by Juuse Saros without a rebound.
19:51 of 1st period - Anze Kopitar wins face-off versus Tanner Jeannot in Edmonton Oilers zone.
Goals for this period are 1 for Edmonton Oilers vs 1 for Tampa Bay Lightning.
Shots for this period are 9 for Edmonton Oilers vs 14 for Tampa Bay Lightning.
2nd period
0:01 of 2nd period - Boone Jenner wins face-off versus Travis Konecny in neutral zone.
0:04 of 2nd period - Snap shot by David Perron.
0:04 of 2nd period - Deflect By Johnny Gaudreau.
0:04 of 2nd period - Stopped by Jeremy Swayman without a rebound.
0:05 of 2nd period - Anze Kopitar wins face-off versus Boone Jenner in Tampa Bay Lightning zone.
0:11 of 2nd period - Off-side.
0:12 of 2nd period - Mikael Backlund wins face-off versus Logan Couture in neutral zone.
0:23 of 2nd period - Snap shot by Roope Hintz.
0:23 of 2nd period - Stopped by Juuse Saros with a rebound.
0:25 of 2nd period - Slapshot by Michael Matheson.
0:25 of 2nd period - Deflect By Kirill Kaprizov.
0:25 of 2nd period - Stopped by Juuse Saros without a rebound.
0:26 of 2nd period - Anze Kopitar wins face-off versus Boone Jenner in Edmonton Oilers zone.
0:29 of 2nd period - Wrist shot by Anze Kopitar.
0:29 of 2nd period - Stopped by Juuse Saros with a rebound.
0:31 of 2nd period - Slapshot by Moritz Seider.
0:31 of 2nd period - Stopped by Juuse Saros with a rebound.
0:33 of 2nd period - Snap shot by Hampus Lindholm.
0:33 of 2nd period - Shot Misses the Net.
0:35 of 2nd period - Snap shot by Travis Konecny.
0:35 of 2nd period - Shot Misses the Net.
0:37 of 2nd period - Slapshot by Hampus Lindholm.
0:37 of 2nd period - Shot Blocked by Evan Bouchard.
0:53 of 2nd period - Boone Jenner is hit by Moritz Seider and loses puck.
1:10 of 2nd period - Wrist shot by Adrian Kempe.
1:10 of 2nd period - Shot Misses the Net.
1:24 of 2nd period - Snap shot by David Perron.
1:24 of 2nd period - Stopped by Jeremy Swayman with a rebound.
1:30 of 2nd period - Adrian Kempe is hit by Dylan Cozens and loses puck.
1:35 of 2nd period - Snap shot by Tomas Hertl.
1:35 of 2nd period - Stopped by Juuse Saros with a rebound.
1:39 of 2nd period - Wrist shot by Dylan Cozens.
1:39 of 2nd period - Deflect By Gustav Nyquist.
1:39 of 2nd period - Shot Misses the Net.
1:39 of 2nd period - Puck is out of play.
1:40 of 2nd period - Logan Couture wins face-off versus Mikael Backlund in Edmonton Oilers zone.
2:07 of 2nd period - Evan Bouchard is hit by Michael Matheson and loses puck.
2:18 of 2nd period - Snap shot by Anze Kopitar.
2:18 of 2nd period - Stopped by Juuse Saros without a rebound.
2:19 of 2nd period - Jeff Carter wins face-off versus Roope Hintz in Edmonton Oilers zone.
2:19 of 2nd period - Jeff Carter is hit by Logan Couture.
2:47 of 2nd period - Snap shot by Anze Kopitar.
2:47 of 2nd period - Shot Misses the Net.
2:49 of 2nd period - Snap shot by Ryan Graves.
2:49 of 2nd period - Stopped by Juuse Saros with a rebound.
2:51 of 2nd period - Wrist shot by Travis Konecny.
2:51 of 2nd period - Stopped by Juuse Saros without a rebound.
2:52 of 2nd period - Anze Kopitar wins face-off versus Mikael Backlund in Edmonton Oilers zone.
2:56 of 2nd period - Minor Penalty to Scott Mayfield for Slashing.
2:57 of 2nd period - Anze Kopitar wins face-off versus Derek Grant in Edmonton Oilers zone.
3:09 of 2nd period - Snap shot by Johnny Gaudreau.
3:09 of 2nd period - Deflect By Travis Konecny.
3:09 of 2nd period - Stopped by Juuse Saros without a rebound.
3:10 of 2nd period - Derek Grant wins face-off versus Anze Kopitar in Edmonton Oilers zone.
3:37 of 2nd period - Derek Grant is hit by Michael Matheson and loses puck.
3:45 of 2nd period - Icing by Logan Couture.
3:46 of 2nd period - Logan Couture wins face-off versus Jeff Carter in Tampa Bay Lightning zone.
4:30 of 2nd period - Off-side.
4:31 of 2nd period - Anze Kopitar wins face-off versus Derek Grant in neutral zone.
4:42 of 2nd period - Slapshot by Johnny Gaudreau.
4:42 of 2nd period - Deflect By Travis Konecny.
4:42 of 2nd period - Stopped by Juuse Saros without a rebound.
4:43 of 2nd period - Derek Grant wins face-off versus Anze Kopitar in Edmonton Oilers zone.
4:43 of 2nd period - Derek Grant is hit by Anze Kopitar.
4:56 of 2nd period - Penalty to Scott Mayfield is over, Scott Mayfield is back on ice.
5:09 of 2nd period - Slapshot by Alex Iafallo.
5:09 of 2nd period - Stopped by Jeremy Swayman without a rebound.
5:10 of 2nd period - Mikael Backlund wins face-off versus Logan Couture in Tampa Bay Lightning zone.
5:13 of 2nd period - Wrist shot by Brock Boeser.
5:13 of 2nd period - Stopped by Jeremy Swayman with a rebound.
5:15 of 2nd period - Snap shot by Brett Pesce.
5:15 of 2nd period - Shot Misses the Net.
5:17 of 2nd period - Wrist shot by Mikael Backlund.
5:17 of 2nd period - Shot Blocked by Roope Hintz.
5:19 of 2nd period - Wrist shot by Brock Boeser.
5:19 of 2nd period - Stopped by Jeremy Swayman without a rebound.
5:20 of 2nd period - Logan Couture wins face-off versus Mikael Backlund in Tampa Bay Lightning zone.
5:30 of 2nd period - Minor Penalty to Brett Pesce for Roughing.
5:31 of 2nd period - Derek Grant wins face-off versus Anze Kopitar in Edmonton Oilers zone.
6:23 of 2nd period - Snap shot by Anze Kopitar.
6:23 of 2nd period - Shot Misses the Net.
7:30 of 2nd period - Penalty to Brett Pesce is over, Brett Pesce is back on ice.
7:45 of 2nd period - Snap shot by Johnny Gaudreau.
7:45 of 2nd period - Shot Blocked by Scott Mayfield.
7:59 of 2nd period - Snap shot by Mikael Backlund.
7:59 of 2nd period - Shot Misses the Net.
8:01 of 2nd period - Wrist shot by Brett Pesce.
8:01 of 2nd period - Stopped by Jeremy Swayman with a rebound.
8:03 of 2nd period - Slapshot by Mikael Backlund.
8:03 of 2nd period - Stopped by Jeremy Swayman without a rebound.
8:04 of 2nd period - Alex Iafallo wins face-off versus Logan Couture in Tampa Bay Lightning zone.
8:07 of 2nd period - Backhand shot by Alex Iafallo.
8:07 of 2nd period - Deflect By Jeff Carter.
8:07 of 2nd period - Stopped by Jeremy Swayman without a rebound.
8:08 of 2nd period - Kirill Kaprizov wins face-off versus Jeff Carter in Tampa Bay Lightning zone.
8:13 of 2nd period - Jacob Trouba is hit by Vladislav Gavrikov and loses puck.
8:24 of 2nd period - Ryan Graves is hit by Brandon Carlo and loses puck.
9:29 of 2nd period - Wrist shot by Kirill Kaprizov.
9:29 of 2nd period - Stopped by Juuse Saros without a rebound.
9:30 of 2nd period - Boone Jenner wins face-off versus Logan Couture in Edmonton Oilers zone.
9:49 of 2nd period - Brett Pesce is hit by Kirill Kaprizov and loses puck.
11:12 of 2nd period - Snap shot by Roope Hintz.
11:12 of 2nd period - Stopped by Juuse Saros without a rebound.
11:13 of 2nd period - Mikael Backlund wins face-off versus Tomas Hertl in Edmonton Oilers zone.
11:26 of 2nd period - Snap shot by Jake DeBrusk.
11:26 of 2nd period - Stopped by Jeremy Swayman without a rebound.
11:27 of 2nd period - Brock Boeser wins face-off versus Anze Kopitar in Tampa Bay Lightning zone.
11:30 of 2nd period - Snap shot by Brock Boeser.
11:30 of 2nd period - Stopped by Jeremy Swayman without a rebound.
11:31 of 2nd period - Anze Kopitar wins face-off versus Mikael Backlund in Tampa Bay Lightning zone.
12:33 of 2nd period - Slapshot by Jacob Trouba.
12:33 of 2nd period - Shot Misses the Net.
13:42 of 2nd period - Vladislav Gavrikov is hit by Evan Bouchard and loses puck.
13:56 of 2nd period - Off-side.
13:57 of 2nd period - Derek Grant wins face-off versus Trevor Moore in neutral zone.
14:02 of 2nd period - Slapshot by Derek Grant.
14:02 of 2nd period - Goal by Derek Grant - Edmonton Oilers : 2 - Tampa Bay Lightning : 1.
14:03 of 2nd period - Anze Kopitar wins face-off versus Mikael Backlund in neutral zone.
14:13 of 2nd period - Minor Penalty to Travis Konecny for Hooking.
14:14 of 2nd period - Anze Kopitar wins face-off versus Boone Jenner in Tampa Bay Lightning zone.
14:21 of 2nd period - Icing by Boone Jenner.
14:22 of 2nd period - Boone Jenner wins face-off versus Anze Kopitar in Edmonton Oilers zone.
14:29 of 2nd period - Snap shot by Brock Boeser.
14:29 of 2nd period - Stopped by Jeremy Swayman with a rebound.
14:31 of 2nd period - Backhand shot by Blake Wheeler.
14:31 of 2nd period - Deflect By Vladislav Gavrikov.
14:31 of 2nd period - Stopped by Jeremy Swayman without a rebound.
14:32 of 2nd period - Boone Jenner wins face-off versus Anze Kopitar in Tampa Bay Lightning zone.
14:41 of 2nd period - Wrist shot by Brock Boeser.
14:41 of 2nd period - Stopped by Jeremy Swayman with a rebound.
14:43 of 2nd period - Slapshot by Blake Wheeler.
14:43 of 2nd period - Deflect By Boone Jenner.
14:43 of 2nd period - Stopped by Jeremy Swayman without a rebound.
14:44 of 2nd period - Anze Kopitar wins face-off versus Boone Jenner in Tampa Bay Lightning zone.
14:59 of 2nd period - Snap shot by Adrian Kempe.
14:59 of 2nd period - Shot Misses the Net.
16:13 of 2nd period - Penalty to Travis Konecny is over, Travis Konecny is back on ice.
16:44 of 2nd period - Snap shot by Johnny Gaudreau.
16:44 of 2nd period - Stopped by Juuse Saros with a rebound.
17:34 of 2nd period - Rasmus Ristolainen is hit by Dylan Cozens and loses puck.
18:22 of 2nd period - Snap shot by Tomas Hertl.
18:22 of 2nd period - Stopped by Juuse Saros without a rebound.
18:23 of 2nd period - Tomas Hertl wins face-off versus Jeff Carter in Edmonton Oilers zone.
18:26 of 2nd period - Wrist shot by Tomas Hertl.
18:26 of 2nd period - Shot Misses the Net.
18:44 of 2nd period - Slapshot by Moritz Seider.
18:44 of 2nd period - Stopped by Juuse Saros without a rebound.
18:45 of 2nd period - Mikael Backlund wins face-off versus Anze Kopitar in Edmonton Oilers zone.
18:45 of 2nd period - Mikael Backlund is hit by Darnell Nurse.
19:11 of 2nd period - Kirill Kaprizov is hit by David Perron and loses puck.
19:20 of 2nd period - Wrist shot by Adrian Kempe.
19:20 of 2nd period - Shot Blocked by Roope Hintz.
19:22 of 2nd period - Slapshot by Adrian Kempe.
19:22 of 2nd period - Stopped by Jeremy Swayman without a rebound.
19:23 of 2nd period - Mikael Backlund wins face-off versus Johnny Gaudreau in Tampa Bay Lightning zone.
Goals for this period are 1 for Edmonton Oilers vs 0 for Tampa Bay Lightning.
Shots for this period are 16 for Edmonton Oilers vs 15 for Tampa Bay Lightning.
3rd period
0:01 of 3rd period - Anze Kopitar wins face-off versus Adrian Kempe in neutral zone.
0:04 of 3rd period - Snap shot by Johnny Gaudreau.
0:04 of 3rd period - Stopped by Juuse Saros without a rebound.
0:05 of 3rd period - Johnny Gaudreau wins face-off versus Boone Jenner in Edmonton Oilers zone.
0:43 of 3rd period - Off-side.
0:44 of 3rd period - Jeff Carter wins face-off versus Travis Konecny in neutral zone.
0:47 of 3rd period - Wrist shot by Blake Wheeler.
0:47 of 3rd period - Shot Misses the Net.
1:38 of 3rd period - Wrist shot by Boone Jenner.
1:38 of 3rd period - Stopped by Jeremy Swayman without a rebound.
1:39 of 3rd period - Anze Kopitar wins face-off versus Boone Jenner in Tampa Bay Lightning zone.
2:39 of 3rd period - Wrist shot by Tomas Hertl.
2:39 of 3rd period - Deflect By Dylan Cozens.
2:39 of 3rd period - Shot Misses the Net.
2:39 of 3rd period - Puck is out of play.
2:40 of 3rd period - Anze Kopitar wins face-off versus Boone Jenner in Edmonton Oilers zone.
3:41 of 3rd period - Snap shot by Blake Wheeler.
3:41 of 3rd period - Deflect By Jeff Carter.
3:41 of 3rd period - Shot Misses the Net.
3:41 of 3rd period - Puck is out of play.
3:42 of 3rd period - Anze Kopitar wins face-off versus Adrian Kempe in Tampa Bay Lightning zone.
3:51 of 3rd period - Snap shot by Johnny Gaudreau.
3:51 of 3rd period - Shot Misses the Net.
4:39 of 3rd period - Alex Iafallo is hit by Tyler Toffoli and loses puck.
4:57 of 3rd period - Adrian Kempe is hit by Tomas Hertl and loses puck.
5:23 of 3rd period - Backhand shot by David Perron.
5:23 of 3rd period - Shot Blocked by Tomas Hertl.
5:25 of 3rd period - Snap shot by Boone Jenner.
5:25 of 3rd period - Shot Blocked by Trevor Moore.
5:27 of 3rd period - Slapshot by Brandon Carlo.
5:27 of 3rd period - Stopped by Jeremy Swayman without a rebound.
5:28 of 3rd period - Mikael Backlund wins face-off versus Anze Kopitar in Tampa Bay Lightning zone.
5:57 of 3rd period - Off-side.
5:58 of 3rd period - Logan Couture wins face-off versus Derek Grant in neutral zone.
6:07 of 3rd period - Derek Grant is hit by Ryan Graves and loses puck.
7:04 of 3rd period - Snap shot by Roope Hintz.
7:04 of 3rd period - Stopped by Juuse Saros without a rebound.
7:05 of 3rd period - Anze Kopitar wins face-off versus Brock Boeser in Edmonton Oilers zone.
7:36 of 3rd period - Slapshot by Kirill Kaprizov.
7:36 of 3rd period - Shot Misses the Net.
7:59 of 3rd period - Brett Pesce is hit by Darnell Nurse and loses puck.
8:16 of 3rd period - Moritz Seider is hit by Scott Mayfield and loses puck.
8:35 of 3rd period - Brandon Carlo is hit by Tomas Hertl and loses puck.
8:53 of 3rd period - Icing by Trevor Moore.
8:54 of 3rd period - Tomas Hertl wins face-off versus Blake Wheeler in Tampa Bay Lightning zone.
9:05 of 3rd period - Snap shot by Alex Iafallo.
9:05 of 3rd period - Shot Misses the Net.
9:07 of 3rd period - Slapshot by Brett Pesce.
9:07 of 3rd period - Stopped by Jeremy Swayman without a rebound.
9:08 of 3rd period - Mikael Backlund wins face-off versus Anze Kopitar in Tampa Bay Lightning zone.
9:23 of 3rd period - Wrist shot by Brock Boeser.
9:23 of 3rd period - Shot Blocked by Anze Kopitar.
9:35 of 3rd period - Rasmus Ristolainen is hit by Darnell Nurse and loses puck.
9:42 of 3rd period - Snap shot by Kirill Kaprizov.
9:42 of 3rd period - Stopped by Juuse Saros without a rebound.
9:43 of 3rd period - Boone Jenner wins face-off versus Tomas Hertl in Edmonton Oilers zone.
10:00 of 3rd period - Snap shot by Gustav Nyquist.
10:00 of 3rd period - Shot Hit the Post.
10:37 of 3rd period - Kirill Kaprizov is hit by Scott Mayfield and loses puck.
11:00 of 3rd period - Snap shot by Derek Grant.
11:00 of 3rd period - Deflect By Trevor Moore.
11:00 of 3rd period - Stopped by Jeremy Swayman without a rebound.
11:01 of 3rd period - Travis Konecny wins face-off versus Mikael Backlund in Tampa Bay Lightning zone.
11:12 of 3rd period - Wrist shot by Johnny Gaudreau.
11:12 of 3rd period - Goal by Johnny Gaudreau - Edmonton Oilers : 2 - Tampa Bay Lightning : 2.
11:13 of 3rd period - Anze Kopitar wins face-off versus Mikael Backlund in neutral zone.
11:18 of 3rd period - Snap shot by Brock Boeser.
11:18 of 3rd period - Stopped by Jeremy Swayman without a rebound.
11:19 of 3rd period - Mikael Backlund wins face-off versus Anze Kopitar in Tampa Bay Lightning zone.
12:08 of 3rd period - Roope Hintz is hit by Evan Bouchard and loses puck.
14:14 of 3rd period - Darnell Nurse is hit by David Perron and loses puck.
14:25 of 3rd period - Wrist shot by Tomas Hertl.
14:25 of 3rd period - Shot Misses the Net.
14:27 of 3rd period - Slapshot by Michael Matheson.
14:27 of 3rd period - Shot Blocked by Jacob Trouba.
14:45 of 3rd period - Snap shot by Dylan Cozens.
14:45 of 3rd period - Shot Misses the Net.
14:47 of 3rd period - Slapshot by Ryan Graves.
14:47 of 3rd period - Shot Misses the Net.
14:49 of 3rd period - Slapshot by Vladislav Gavrikov.
14:49 of 3rd period - Deflect By Dylan Cozens.
14:49 of 3rd period - Shot Misses the Net.
14:49 of 3rd period - Puck is out of play.
14:50 of 3rd period - David Perron wins face-off versus Anze Kopitar in Edmonton Oilers zone.
14:52 of 3rd period - Minor Penalty to Boone Jenner for Holding.
14:53 of 3rd period - Anze Kopitar wins face-off versus Derek Grant in Edmonton Oilers zone.
15:28 of 3rd period - Jacob Trouba is hit by Logan Couture.
15:57 of 3rd period - Jacob Trouba is hit by Michael Matheson and loses puck.
16:18 of 3rd period - Slapshot by Johnny Gaudreau.
16:18 of 3rd period - Stopped by Juuse Saros without a rebound.
16:19 of 3rd period - Jeff Carter wins face-off versus Kirill Kaprizov in Edmonton Oilers zone.
16:52 of 3rd period - Penalty to Boone Jenner is over, Boone Jenner is back on ice.
17:45 of 3rd period - Adrian Kempe is hit by Vladislav Gavrikov and loses puck.
18:15 of 3rd period - Mikael Backlund is hit by Dylan Cozens and loses puck.
18:26 of 3rd period - Johnny Gaudreau is hit by Derek Grant and loses puck.
18:33 of 3rd period - Wrist shot by Dawson Mercer.
18:33 of 3rd period - Shot Blocked by Moritz Seider.
18:35 of 3rd period - Backhand shot by Scott Mayfield.
18:35 of 3rd period - Shot Misses the Net.
18:37 of 3rd period - Slapshot by Scott Mayfield.
18:37 of 3rd period - Shot Misses the Net.
18:39 of 3rd period - Snap shot by Dawson Mercer.
18:39 of 3rd period - Shot Blocked by Moritz Seider.
18:49 of 3rd period - Jeff Carter is hit by Moritz Seider and loses puck.
19:00 of 3rd period - Wrist shot by Boone Jenner.
19:00 of 3rd period - Deflect By Adrian Kempe.
19:00 of 3rd period - Shot Misses the Net.
19:00 of 3rd period - Puck is out of play.
19:01 of 3rd period - Logan Couture wins face-off versus Boone Jenner in Tampa Bay Lightning zone.
19:16 of 3rd period - Wrist shot by Adrian Kempe.
19:16 of 3rd period - Shot Misses the Net.
19:18 of 3rd period - Snap shot by Boone Jenner.
19:18 of 3rd period - Stopped by Jeremy Swayman without a rebound.
19:19 of 3rd period - Tomas Hertl wins face-off versus Jeff Carter in Tampa Bay Lightning zone.
19:19 of 3rd period - Tomas Hertl is hit by Jacob Trouba.
19:27 of 3rd period - Slapshot by Tomas Hertl.
19:27 of 3rd period - Stopped by Juuse Saros with a rebound.
19:45 of 3rd period - Jacob Trouba is hit by Roope Hintz and loses puck.
Goals for this period are 0 for Edmonton Oilers vs 1 for Tampa Bay Lightning.
Shots for this period are 6 for Edmonton Oilers vs 6 for Tampa Bay Lightning.
Overtime #1
0:01 of 1st overtime period - Anze Kopitar wins face-off versus Boone Jenner in neutral zone.
0:42 of 1st overtime period - Slapshot by Darnell Nurse.
0:42 of 1st overtime period - Shot Misses the Net.
0:44 of 1st overtime period - Snap shot by Anze Kopitar.
0:44 of 1st overtime period - Stopped by Juuse Saros with a rebound.
0:50 of 1st overtime period - Snap shot by Anze Kopitar.
0:50 of 1st overtime period - Shot Blocked by Adrian Kempe.
0:52 of 1st overtime period - Wrist shot by Darnell Nurse.
0:52 of 1st overtime period - Shot Blocked by Adrian Kempe.
0:58 of 1st overtime period - Slapshot by Dylan Cozens.
0:58 of 1st overtime period - Shot Misses the Net.
1:49 of 1st overtime period - Off-side.
1:50 of 1st overtime period - Logan Couture wins face-off versus Mikael Backlund in neutral zone.
1:57 of 1st overtime period - Slapshot by Tomas Hertl.
1:57 of 1st overtime period - Stopped by Juuse Saros with a rebound.
3:09 of 1st overtime period - Slapshot by Gustav Nyquist.
3:09 of 1st overtime period - Shot Misses the Net.
3:34 of 1st overtime period - Snap shot by Mikael Backlund.
3:34 of 1st overtime period - Goal by Mikael Backlund - Edmonton Oilers : 3 - Tampa Bay Lightning : 2.
Goals for this period are 1 for Edmonton Oilers vs 0 for Tampa Bay Lightning.
Shots for this period are 1 for Edmonton Oilers vs 2 for Tampa Bay Lightning.
Back to the Top